Map: Pillars of Gold LE

Players

Seither - Winner!

  • Race: Terran Terran
  • Spawn Location: 7:00

MeomaikA

  • Race: Zerg Zerg
  • League: Grandmaster
  • Spawn Location: 1:00

Event: DreamHack SC2 Masters 2020 Fall

VOD

Have the link to the VOD?

Description

Time

  • Played on: Aug. 30, 2020, 5:35 a.m.
  • Length: 5:17

All games in this series

Show
View Real Time Build Order
Export as new Build Order

Seither Terran - Winner!

Build Orders: Hellion Opening 

Get SALT Encoding   

  12  0:00  SCV  
  13  0:12  SCV  
  14  0:18  Supply Depot  
  14  0:24  SCV  
  15  0:39  SCV  
  15  0:41  Barracks  
  16  0:45  Refinery  
  16  0:51  SCV  
  17  1:03  SCV  
  18  1:16  SCV  
  19  1:27  Marine  
  19  1:28  Orbital Command  
  20  1:43  Command Center  
  20  1:47  Marine  
  21  1:58  Factory  
  21  2:02  SCV  
  22  2:08  Barracks Reactor  
  22  2:15  SCV  
  23  2:16  Supply Depot  
  23  2:20  Refinery  
  23  2:38  SCV  
  23  2:43  Starport  
  24  2:49  Hellion x2  
  24  2:50  SCV  
  29  2:54  Marine  
  30  3:01  Orbital Command  
  30  3:04  SCV  
  31  3:15  Hellion x2  
  35  3:25  Medivac  
  37  3:29  Armory  
  37  3:32  Marine  
  38  3:40  Hellion  
  40  3:43  Hellion  
  40  3:46  Supply Depot  
  42  3:50  SCV x2  
  42  3:52  Barracks Tech Lab  
  44  4:02  Hellion  
  46  4:08  Hellion, SCV x2  
  50  4:14  Supply Depot  
  50  4:21  SCV x2  
  52  4:30  Hellion  
  54  4:36  Hellion, SCV x2  
  61  4:51  SCV  
Show
View Real Time Build Order
Export as new Build Order

MeomaikA Zerg 

Build Orders: Pool First 

Get SALT Encoding   

  12  0:00  Drone  
  13  0:08  Drone  
  14  0:17  Overlord  
  14  0:25  Drone, Extractor  
  15  0:36  Drone x2  
  17  0:46  Spawning Pool  
  17  0:49  Drone  
  17  1:09  Hatchery  
  16  1:12  Drone  
  16  1:14  Extractor  
  17  1:18  Drone  
  17  1:21  Drone  
  18  1:32  Queen  
  20  1:35  Drone  
  20  1:38  Drone  
  22  1:49  Overlord  
  22  2:07  Drone  
  22  2:08  Queen  
  25  2:10  Drone  
  26  2:20  Drone  
  26  2:22  Drone, Metabolic Boost  
  28  2:30  Drone  
  28  2:32  Drone  
  30  2:39  Drone  
  31  2:44  Hatchery  
  31  2:46  Drone  
  31  2:48  Drone  
  32  2:53  Drone x2  
  32  2:56  Drone  
  35  2:59  Drone  
  35  3:04  Overlord  
  36  3:09  Evolution Chamber  
  36  3:10  Drone  
  36  3:19  Overlord  
  36  3:23  Zergling x6  
  36  3:25  Queen  
  42  3:27  Drone  
  42  3:30  Drone  
  43  3:37  Drone  
  44  3:42  Drone  
  44  3:43  Extractor  
  44  3:45  Queen  
  46  3:51  Drone x3  
  46  3:53  Zergling x2  
  46  3:55  Zergling x2  
  51  3:57  Zergling x2  
  51  4:01  Queen  
  54  4:08  Drone x4  
  58  4:18  Overlord  
  58  4:20  Extractor  
  58  4:21  Overlord  
  57  4:30  Zergling x2  
  58  4:31  Spine Crawler  
  58  4:35  Queen  
  58  4:36  Zergling x2  
  58  4:37  Zergling x2  
  58  4:39  Zergling x6  
  58  4:41  Zergling x2  
  58  4:42  Zergling x2  
  58  4:44  Zergling x2  
  58  4:45  Zergling x2  
  58  4:48  Zergling x2  
  58  4:49  Zergling x2  
  58  4:50  Zergling x2  

Tags
 
Add a new tag
Caveats
  • Supply blocks, unpowered buildings, or Contaminate may cause inaccurate times.
  • Supply counts are checked every 10 seconds.